 Dungeon Crawl Stone Soup version 0.30-a0-475-g03497ec522 (webtiles) character file.

Game seed: 2445183177777905769

42063 IdlyInterested the Fencer (level 13, -4/103 HPs)
             Began as a Demonspawn Gladiator on Dec 20, 2022.
             Was the Champion of Okawaru.
             Slain by a goliath frog (16 damage)
             ... on level 5 of the Lair of Beasts.
             The game lasted 01:28:15 (17472 turns).

IdlyInterested the Fencer (Demonspawn Gladiator)   Turns: 17472, Time: 01:28:16

Health: -4/103     AC: 30    Str: 16    XL:     13   Next: 83%
Magic:  17/19      EV: 12    Int: 10    God:    Okawaru [******]
Gold:   943        SH: 10    Dex: 18    Spells: 12/12 levels left

rFire   . . .      SeeInvis .    a - +3 double sword (vorpal)
rCold   + . .      Faith    .    J - +3 buckler {AC+3}
rNeg    + + .      Spirit   .    F - +6 chain mail of the Trilobite {rC+}
rPois   +          Reflect  .    Q - +2 hat
rElec   .          Harm     .    K - +2 cloak
rCorr   .          Rampage  .    u - +0 pair of gloves
Will    .....                    s - +1 pair of boots of Filth {rN+}
Stlth   +.........               B - amulet of the acrobat
HPRegen 0.37/turn                A - ring of poison resistance
MPRegen 0.16/turn                V - ring of positive energy

@: heroic, corroded, sanguine armoured, studying Throwing
A: antennae 2, ignite blood 1, powered by pain 2, augmentation 1, sanguine
armour 1
a: Renounce Religion, Heroism, Finesse, Duel


You were on level 5 of the Lair of Beasts.
You worshipped Okawaru.
Okawaru was exalted by your worship.
You visited 3 branches of the dungeon, and saw 16 of its levels.

You collected 943 gold pieces.

Inventory:

Hand Weapons
 a - a +3 vorpal double sword (weapon)
 b - the +7 quick blade "Fysherph" {vorpal, Dex+3}
   (Okawaru gifted it to you on level 10 of the Dungeon)

   It inflicts extra damage upon your enemies.
   Dex:       It affects your dexterity (+3).
 T - a +0 scimitar
Missiles
 d - 3 throwing nets
 e - a javelin
 g - 9 curare-tipped darts
 k - 5 boomerangs of dispersal
 m - 25 poisoned darts (quivered)
 R - 13 atropa-tipped darts
 U - 2 silver javelins
Armour
 h - the +6 ring mail of the Blizzard {rPois Will+ Int-2}
   (You found it on level 2 of the Dungeon)

   Int:       It affects your intelligence (-2).
   rPois:     It protects you from poison.
   Will:      It increases your willpower.
 p - +0 acid dragon scales
 s - the +1 pair of boots of Filth (worn) {rN+}
   (You found it on level 10 of the Dungeon)

   rN:        It protects you from negative energy.
 u - a +0 pair of gloves (worn)
 F - the +6 chain mail of the Trilobite (worn) {rC+}
   (Okawaru gifted it to you on level 1 of the Lair of Beasts)

   rC:        It protects you from cold.
 H - a +0 kite shield
 J - a +3 buckler of protection (worn)
 K - a +2 cloak (worn)
 Q - a +2 hat (worn)
 Y - the +6 chain mail of the Parsimonious God {-Tele +Inv rN+ Str+4}
   (Okawaru gifted it to you on level 4 of the Lair of Beasts)

   Str:       It affects your strength (+4).
   rN:        It protects you from negative energy.
   +Inv:      It lets you turn invisible.
   -Tele:     It prevents most forms of teleportation.
 Z - the +0 leather armour of Aneo {rF- rN+ Slay+5}
   (You found it on level 9 of the Dungeon)

   Slay:      It affects your accuracy & damage with ranged weapons and melee
   (+5).
   rF:        It makes you vulnerable to fire.
   rN:        It protects you from negative energy.
Jewellery
 i - a +6 ring of strength
 q - a ring of fire
 v - a +6 ring of strength
 A - a ring of poison resistance (left hand)
 B - an amulet of the acrobat (around neck)
 V - a ring of positive energy (right hand)
Wands
 j - a wand of flame (41)
 l - a wand of quicksilver (13)
 E - a wand of paralysis (16)
 G - a wand of roots (2)
Scrolls
 o - 3 scrolls of vulnerability
 r - 2 scrolls of magic mapping
 y - 2 scrolls of amnesia
 C - 5 scrolls of teleportation
 I - 4 scrolls of fear
 M - a scroll of silence {unknown}
 P - a scroll of fog
 X - a scroll of immolation
Potions
 c - a potion of cancellation
 f - 2 potions of berserk rage
 n - a potion of magic
 t - a potion of attraction
 w - 2 potions of lignification
 x - a potion of resistance
 z - 3 potions of flight
 D - a potion of mutation
 L - a potion of might
 N - 2 potions of brilliance
 O - 2 potions of haste
 W - a potion of heal wounds
Miscellaneous
 S - a lightning rod (4/4)


   Skills:
 + Level 10.2(15.2) Fighting
 - Level 16.0(21.0) Long Blades
 - Level 8.0(13.0) Throwing
 - Level 3.0(8.0) Armour
 * Level 7.1(12.1) Dodging
 - Level 3.0(8.0) Stealth
 - Level 6.0(11.0) Shields
 - Level 8.0 Invocations
 - Level 3.0 Evocations


You had 12 spell levels left.
You didn't know any spells.
Your spell library contained the following spells:

 Spells                   Type           Power      Damage    Failure   Level
 Kiss of Death            Conj/Necr      0%         2d5       99%         1
 Sandblast                Erth           0%         2d4       99%         1
 Blink                    Tloc           0%         N/A       100%        2
 Passwall                 Tmut/Erth      0%         N/A       100%        2
 Confusing Touch          Hex            0%         N/A       100%        3
 Hailstorm                Conj/Ice       0%         3d3       100%        3
 Ignite Poison            Fire/Tmut/Pois 0%         N/A       100%        3
 Kindle Blastsparks       Fire/Tloc/Air  0%         2d10      100%        3
 Stone Arrow              Conj/Erth      0%         3d7       100%        3
 Dispel Undead            Necr           0%         3d6       100%        4
 Ice Form                 Ice/Tmut       0%         N/A       100%        4
 Manifold Assault         Tloc           0%         N/A       100%        4
 Freezing Cloud           Conj/Ice/Air   0%         6-21      100%        5
 Iskenderun's Battlesphe  Conj           0%         2d6       100%        5
 Iron Shot                Conj/Erth      0%         9d1       100%        6
 Orb of Destruction       Conj           0%         9d5       100%        7
 Storm Form               Tmut/Air       0%         N/A       100%        7
 Summon Guardian Golem    Hex/Summ       Unusable   N/A       N/A         3
 Simulacrum               Ice/Necr       Unusable   N/A       N/A         6
 Spellforged Servitor     Conj/Summ      Unusable   N/A       N/A         7

Dungeon Overview and Level Annotations

Branches:
Dungeon (10/15)            Temple (1/1) D:5            Lair (5/5) D:9
  Swamp (0/4) Lair:3        Snake (0/4) Lair:2        Slime (0/5) Lair:5
    Orc (0/2) D:10

Altars:
Ashenzari
Cheibriados
Dithmenos
Fedhas
Gozag
Hepliaklqana
Kikubaaqudgha
Makhleb
Nemelex Xobeh
Okawaru
Qazlal
Ru
Sif Muna
Trog
Uskayaw
Vehumet
Wu Jian
Xom
Yredelemnul


Innate Abilities, Weirdness & Mutations

You have a pair of antennae on your head.
Your demonic aura sometimes causes spilled blood to erupt in flames.
You sometimes gain power by taking damage.
Your magical and physical power is slightly enhanced at high health.
When seriously injured, your blood forms armour. (AC +6)


Message History

The goliath frog hits you but does no damage.
You closely miss the komodo dragon.
The komodo dragon is heavily wounded.
The komodo dragon bites you!!
* * * LOW HITPOINT WARNING * * *
Unknown command.
You feel much better. The goliath frog hits you from afar!
You are splashed with acid.
* * * LOW HITPOINT WARNING * * *
A cane toad comes into view.
The komodo dragon closely misses you. The goliath frog barely misses you.
The blink frog barely misses you.
You gain the combat prowess of a mighty hero.
The blink frog misses you.
The blink frog blinks!
A blink frog comes into view.
The blink frog gives a loud, deep croak!
You slice the blink frog!!
The blink frog is severely wounded.
The blink frog is engulfed in blazing flames.
You barely miss the komodo dragon.
The komodo dragon is moderately wounded.
The blink frog hits you but does no damage.
You block the komodo dragon's attack.
You barely miss the komodo dragon.
The komodo dragon is moderately wounded.
The blink frog barely misses you. The goliath frog hits you from afar.
* * * LOW HITPOINT WARNING * * *
You are splashed with acid!
* * * LOW HITPOINT WARNING * * *
The blink frog blinks!
You slash the komodo dragon!
The komodo dragon is severely wounded.
The blink frog hits you but does no damage.
You block the goliath frog's attack. You block the komodo dragon's attack.
You hit the komodo dragon but do no damage.
The komodo dragon is severely wounded.
You block the blink frog's attack.
The bullfrog is engulfed in blazing flames.
The bullfrog closely misses you. The goliath frog hits you from afar!
You die...

*~,~~~~,,,,,,,,,,,,,*,,,,*
*~~~~*~~~~~...,,,..,#....#*
*~~~**~~~~.......!.*#....,*
~~*****~?....§..^.###.>..**
~~~**~~~~.....#.§<.##...,*
,~~*~~~~~.....,....*#..P**
~~~*~~~~.....{*,..#,*..#*
~~~~~~~=....FF###F#**#.###
~~~~~~~~,,{,{#Fl@F####...#
~~~~~~~,,,{,,####††#....##
~~~~~~~,~,,,** #...†#.†..##
~~~~~~~,,*,** ##..###†...##
~~~~~~~~~*^** #..# #P....#
~~~~~~,,##,,* #.#####.#.##
~~~~~~~,#..*#####..##.###..##
~~~~~~~*#...#.#.............#
~~~~,,~*#..............#....#


You could see a komodo dragon, a goliath frog, 2 cane toads, a blink frog and a
bullfrog.

Vanquished Creatures
  Snorg (Lair:4)
  7 hydras
  An alligator (Lair:3)
  2 fire crabs (Lair:3)
  A lindwurm (Lair:3)
  Pikel (D:7)
  2 deep elf pyromancers (D:10)
  2 cyclopes (D:10)
  3 manticores
  An ugly thing (D:10)
  3 black mambas
  A torpor snail (Lair:3)
  13 cane toads
  The ghost of Iich the Firebug, a novice DrFE of Dithmenos (D:5)
  A kobold demonologist (D:6)
  An unseen horror (D:10)
  3 rime drakes
  11 komodo dragons
  Psyche (D:8)
  2 hornets (Lair:3)
  A troll (D:9)
  2 polar bears (Lair:2)
  Grinder (D:4)
  5 dream sheep (Lair:3)
  4 blink frogs (Lair:1)
  A slime creature (D:10)
  A vampire (D:10)
  6 wyverns
  27 yaks
  9 basilisks
  Eustachio (D:4)
  2 steam dragons
  3 vampire mosquitoes (D:10)
  Menkaure (D:5)
  2 nagas (Lair:2)
  12 water moccasins
  An acid dragon (D:10)
  12 orc warriors
  4 ice beasts
  11 black bears
  A sky beast (D:8)
  15 wolves
  7 ogres
  A centaur (D:7)
  2 phantoms (D:7)
  6 kobold brigands
  15 bullfrogs
  2 gnoll sergeants (D:6)
  3 necrophages
  4 scorpions
  18 wights
  15 killer bees
  An electric eel (D:10)
  11 howler monkeys
  Crazy Yiuf (D:6)
  12 hounds
  10 orc priests
  4 gnoll boudas
  4 iguanas
  20 orc wizards
  3 hell rats (Lair:3)
  Robin (D:3)
  14 gnolls
  6 adders
  A shadow imp (D:6)
  3 white imps
  2 worms (D:2)
  A dart slug (D:4)
  46 orcs
  7 ball pythons
  3 bats
  6 endoplasms
  5 giant cockroaches
  9 goblins
  9 hobgoblins
  3 jackals (D:4)
  2 quokkas
  4 frilled lizards
  22 kobolds
  9 rats
  A bush (D:9)
473 creatures vanquished.

Vanquished Creatures (others)
  A centaur warrior (D:10)
  18 fungi
  81 plants
100 creatures vanquished.

Grand Total: 573 creatures vanquished

Notes
Turn   | Place    | Note
-------+----------+-------------------------------------------
     0 | D:1      | IdlyInterested the Demonspawn Gladiator began the quest for
                  | the Orb.
     0 | D:1      | Reached XP level 1. HP: 16/16 MP: 1/1
   200 | D:1      | Found a faded altar of an unknown god.
   264 | D:1      | You fall into a shaft and drop 1 floor!
   296 | D:2      | Reached skill level 3 in Long Blades
   323 | D:2      | Gained mutation: You sometimes gain a little power by
                  | taking damage. [demonic ancestry]
   323 | D:2      | Reached XP level 2. HP: 22/22 MP: 2/2
   978 | D:2      | Gained mutation: When seriously injured, your blood forms
                  | armour. (AC +6) [demonic ancestry]
   978 | D:2      | Reached XP level 3. HP: 26/28 MP: 3/3
  1262 | D:2      | Identified the +6 ring mail of the Blizzard {rPois Will+
                  | Int-2}
  2005 | D:3      | Noticed Robin
  2017 | D:3      | Reached XP level 4. HP: 29/35 MP: 4/4
  2034 | D:3      | Killed Robin
  2048 | D:3      | Reached skill level 4 in Long Blades
  2523 | D:4      | Noticed a black bear
  2537 | D:4      | Killed a black bear
  2538 | D:4      | Gained mutation: Your demonic aura sometimes causes spilled
                  | blood to erupt in flames. [demonic ancestry]
  2538 | D:4      | Reached XP level 5. HP: 33/41 MP: 5/5
  2587 | D:4      | Noticed Eustachio
  2721 | D:4      | Reached skill level 5 in Long Blades
  2721 | D:4      | Reached skill level 1 in Armour
  2721 | D:4      | Gained mutation: You have a pair of small antennae on your
                  | head. [demonic ancestry]
  2721 | D:4      | Reached XP level 6. HP: 45/47 MP: 6/6
  2850 | D:4      | Killed Eustachio
  2851 | D:4      | Reached skill level 1 in Stealth
  2865 | D:4      | Reached skill level 6 in Long Blades
  2886 | D:4      | Reached skill level 1 in Evocations
  2886 | D:4      | Reached XP level 7. HP: 28/52 MP: 7/7
  3279 | D:4      | Noticed Grinder
  3293 | D:4      | Paralysed by Grinder for 5 turns
  3308 | D:4      | Killed Grinder
  3309 | D:4      | Reached skill level 7 in Long Blades
  3546 | D:4      | Found a hide-covered altar of Uskayaw.
  3555 | D:4      | Reached XP level 8. HP: 53/60 MP: 8/8
  3683 | D:5      | Entered Level 5 of the Dungeon
  3683 | D:5      | Noticed Menkaure
  3690 | D:5      | Killed Menkaure
  3730 | D:5      | Noticed Iich's ghost (novice DrFE)
  3730 | D:5      | Found a runed translucent gate.
  3730 | D:5      | Found a runed translucent gate.
  3730 | D:5      | Found a runed translucent gate.
  3780 | D:5      | Found a staircase to the Ecumenical Temple.
  3794 | Temple   | Entered the Ecumenical Temple
  4146 | Temple   | Became a worshipper of Warmaster Okawaru
  4224 | D:5      | Reached skill level 1 in Invocations
  4281 | D:5      | Reached skill level 8 in Long Blades
  4564 | D:5      | Found a shimmering blue altar of Sif Muna.
  4869 | D:5      | Reached * piety under Okawaru
  4882 | D:5      | Killed Iich's ghost
  4883 | D:5      | Reached skill level 9 in Long Blades
  4883 | D:5      | Reached XP level 9. HP: 57/65 MP: 10/12
  5055 | D:6      | Reached ** piety under Okawaru
  5211 | D:6      | Reached skill level 10 in Long Blades
  5309 | D:6      | Found a blossoming altar of Fedhas.
  5623 | D:6      | Noticed a kobold demonologist
  5652 | D:6      | Noticed a rust devil
  5659 | D:6      | Killed a kobold demonologist
  5659 | D:6      | Reached *** piety under Okawaru
  5660 | D:6      | Reached skill level 5 in Fighting
  6073 | D:6      | Gained mutation: You sometimes gain power by taking damage.
                  | [demonic ancestry]
  6073 | D:6      | Reached XP level 10. HP: 16/76 MP: 13/13
  6450 | D:6      | Reached skill level 5 in Invocations
  6473 | D:6      | Reached **** piety under Okawaru
  6476 | D:6      | Reached skill level 11 in Long Blades
  7072 | D:6      | Found a runed translucent door.
  7073 | D:6      | Noticed Crazy Yiuf
  7083 | D:6      | Killed Crazy Yiuf
  7224 | D:7      | Noticed Pikel
  7238 | D:7      | Killed Pikel
  7239 | D:7      | Reached skill level 1 in Shields
  7538 | D:7      | Reached skill level 12 in Long Blades
  7962 | D:8      | Received a gift from Okawaru
  7971 | D:8      | Reached ***** piety under Okawaru
  8444 | D:8      | Gained mutation: You have a pair of antennae on your head.
                  | [demonic ancestry]
  8444 | D:8      | Reached XP level 11. HP: 80/80 MP: 15/15
  8773 | D:8      | Noticed Psyche
  8785 | D:8      | Killed Psyche
  8785 | D:8      | Received a gift from Okawaru
  8873 | D:8      | Reached skill level 5 in Shields
 10081 | D:9      | Identified the +0 leather armour of Aneo {rF- rN+ Slay+5}
 10151 | D:9      | Found a staircase to the Lair.
 10223 | D:9      | Reached skill level 13 in Long Blades
 10420 | D:10     | Entered Level 10 of the Dungeon
 10523 | D:10     | Noticed a deep elf pyromancer
 10523 | D:10     | Noticed a seven-headed hydra
 10523 | D:10     | Noticed a purple ugly thing
 10523 | D:10     | Noticed a four-headed hydra
 10523 | D:10     | Noticed a deep elf pyromancer
 10523 | D:10     | Noticed a centaur warrior
 10523 | D:10     | Noticed an eight-headed hydra
 10536 | D:10     | Received a gift from Okawaru
 10537 | D:10     | Reached skill level 5 in Throwing
 10546 | D:10     | Killed a purple ugly thing
 10560 | D:10     | Killed a seven-headed hydra
 10571 | D:10     | Killed a four-headed hydra
 10579 | D:10     | Killed a centaur warrior
 10580 | D:10     | Reached skill level 14 in Long Blades
 10586 | D:10     | Killed a deep elf pyromancer
 10606 | D:10     | Killed a deep elf pyromancer
 10607 | D:10     | Reached XP level 12. HP: 35/89 MP: 16/16
 10628 | D:10     | HP: 3/89 [eight-headed hydra (9)]
 10629 | D:10     | Killed an eight-headed hydra
 10629 | D:10     | Identified the +7 quick blade "Fysherph" {vorpal, Dex+3}
                  | (Okawaru gifted it to you on level 10 of the Dungeon)
 10629 | D:10     | Received a gift from Okawaru
 11385 | D:10     | Found a staircase to the Orcish Mines.
 11548 | D:10     | Identified the +1 pair of boots of Filth {rN+}
 11895 | D:10     | Found a bloodstained altar of Trog.
 12123 | Lair:1   | Entered Level 1 of the Lair of Beasts
 12470 | Lair:1   | Reached ****** piety under Okawaru
 12626 | Lair:1   | Identified the +6 chain mail of the Trilobite {rC+}
                  | (Okawaru gifted it to you on level 1 of the Lair of Beasts)
 12626 | Lair:1   | Received a gift from Okawaru
 12989 | Lair:1   | Reached skill level 15 in Long Blades
 12993 | Lair:1   | Reached skill level 5 in Dodging
 13305 | Lair:2   | Noticed a five-headed hydra
 13319 | Lair:2   | Killed a five-headed hydra
 13917 | Lair:2   | Found a staircase to the Snake Pit.
 14450 | Lair:3   | You fall into a shaft and drop 1 floor!
 14647 | Lair:3   | Gained mutation: Your magical and physical power is
                  | slightly enhanced at high health. [demonic ancestry]
 14647 | Lair:3   | Reached XP level 13. HP: 95/95 MP: 17/17
 14699 | Lair:3   | Reached skill level 16 in Long Blades
 15220 | Lair:3   | Found a staircase to the Swamp.
 15267 | Lair:3   | Received a gift from Okawaru
 15850 | Lair:3   | Received a gift from Okawaru
 16003 | Lair:3   | Received a gift from Okawaru
 16420 | Lair:4   | Noticed Snorg
 16430 | Lair:4   | Killed Snorg
 16565 | Lair:4   | Identified the +6 chain mail of the Parsimonious God {-Tele
                  | +Inv rN+ Str+4} (Okawaru gifted it to you on level 4 of the
                  | Lair of Beasts)
 16565 | Lair:4   | Received a gift from Okawaru
 17314 | Lair:5   | Entered Level 5 of the Lair of Beasts
 17366 | Lair:5   | Found a staircase to the Slime Pits.
 17405 | Lair:5   | Reached skill level 10 in Fighting
 17472 | Lair:5   | Slain by a goliath frog

Illustrated notes

Levels and vault maps discovered:
D:1:      ebering_trefoil_twist, layout_loops_ring,
          shapermc_ecumenical_altar_ellora
D:2:      layout_basic
D:3:      layout_loops_ring, chequers_serial_rivers_room_b, uniq_robin
D:4:      layout_rooms, nicolae_uskayaw_dance_hall, minmay_starry_boxes,
          uniq_grinder, uniq_eustachio
D:5:      layout_loops_ring, kennysheep_mini, minmay_temple_entry_mist,
          gammafunk_ghost_nasty_kobolds, uniq_menkaure
D:6:      lemuel_castle_with_subvaults [lemuel_castle_interior_carwin_2],
          layout_cave_pools, mainiacjoe_overflow_paths, minmay_misc_feat_rows,
          uniq_crazy_yiuf_cottage
D:7:      layout_cave_pools, uniq_pikel
D:8:      layout_gridville, uniq_psyche
D:9:      layout_roguey, mainiacjoe_overflow_chevrons,
          grunt_lair_entry_orc_guard_hut
D:10:     layout_roguey, erik_orc_2, kennysheep_diamond, minmay_misc_feat_tower,
          minivault_28
Temple:   nicolae_temple_bog_church
Lair:1:   layout_regular_city, chequers_serial_rivers_micro_e,
          beast_lair_carwin_6, grunt_megastairs_2
Lair:2:   layout_loops_ring, guppyfry_snake_entry_garden, grunt_megastairs_1
Lair:3:   layout_roguey, palyth_hydra_swamp_entry, nicolae_lair_lakeside_cave
Lair:4:   layout_loops_ring, lookout_lair_type, kennysheep_basilisk_garden,
          grunt_megastairs_5, uniq_snorg
Lair:5:   minmay_lair_end_frog_pond, layout_loops_ring, slime_entry_1,
          gauntlet_entry_generic, minivault_19

Skill      XL: |  1  2  3  4  5  6  7  8  9 10 11 12 13 |
---------------+----------------------------------------+-----
Long Blades    | 3 4 5 6 7 9 10 12 14 15 16 | 16.0
Fighting       | 3 4 6 10 | 10.2
Dodging        | 3 4 6 7 |  7.1
Throwing       | 3 4 6 8 |  8.0
Armour         | 1 2 3 |  3.0
Stealth        | 1 2 3 |  3.0
Evocations     | 1 2 3 |  3.0
Invocations    | 4 6 8 |  8.0
Shields        | 4 6 |  6.0

Action                   |  1- 3 |  4- 6 |  7- 9 | 10-12 | 13-15 || total
-------------------------+-------+-------+-------+-------+-------++-------
Melee: Long sword        |    24 |       |       |   516 |       ||   540
       Dagger            |   100 |   125 |   404 |       |       ||   629
       Punch             |     2 |     2 |     8 |       |       ||    12
       Great sword       |       |       |     7 |    18 |       ||    25
       Scimitar          |       |       |       |   110 |       ||   110
       Short sword       |       |       |       |    16 |       ||    16
       Double sword      |       |       |       |   303 |   231 ||   534
       Rapier            |       |       |       |     7 |       ||     7
       Quick blade       |       |       |       |    10 |    28 ||    38
Throw: Stone             |     1 |    13 |    35 |    66 |    17 ||   132
       Dart              |       |       |     8 |    94 |    45 ||   147
Invok: Heroism           |       |       |     2 |     6 |     1 ||     9
Evoke: Wand              |       |       |     2 |    25 |     4 ||    31
  Use: Scroll            |     7 |       |     2 |    13 |     3 ||    25
       Potion            |       |       |     6 |     9 |     1 ||    16
 Stab: Sleeping          |     3 |     1 |       |     4 |       ||     8
       Distracted        |       |       |       |       |     1 ||     1
       Invisible         |       |       |       |       |     1 ||     1
Armor: Leather armour    |    20 |       |       |       |       ||    20
       Ring mail         |     9 |    61 |   143 |   302 |       ||   515
       Chain mail        |       |       |       |    45 |   186 ||   231
Dodge: Dodged            |    57 |    81 |   274 |   474 |   102 ||   988
Block: Buckler           |       |       |       |   293 |    90 ||   383

Table legend: (Time is in decaauts)
 A = Elapsed time spent in this place.
 B = Non-inter-level travel time spent in this place.
 C = Inter-level travel time spent in this place.
 D = Time resting spent in this place.
 E = Time spent auto-exploring this place.
 F = Levels seen in this place.
 G = Mean time per level.
                   A        B        C        D        E       F      G
               +--------+--------+--------+--------+--------+-----+--------+
         Total |  17084 |  15154 |   1930 |   1985 |   8429 |  16 | 1067.8 |
       Dungeon |  11614 |  10425 |   1189 |   1806 |   5134 |  10 | 1161.4 |
        Temple |    258 |    174 |     84 |      0 |    157 |   1 |  258.0 |
          Lair |   5210 |   4554 |    656 |    179 |   3137 |   5 | 1042.0 |
               +--------+--------+--------+--------+--------+-----+--------+

Top non-repeatable levels by time:
     D:6: 2057 daAuts
  Lair:3: 1646 daAuts
    D:10: 1485 daAuts
     D:8: 1437 daAuts
  Lair:2: 1234 daAuts
  Lair:1: 1141 daAuts
     D:5: 1108 daAuts
  Lair:4: 1054 daAuts
     D:9: 1018 daAuts
     D:4: 1006 daAuts
     D:3: 964 daAuts
     D:1: 919 daAuts
     D:2: 820 daAuts
     D:7: 797 daAuts
  Temple: 258 daAuts
